 Dungeon Crawl Stone Soup version 0.23.2 (webtiles) character file.

Game seed: 8962455865120566481

495866 Kairos the Hoplite (level 23, -7/229 HPs)
             Began as a Minotaur Fighter on Mar 31, 2019.
             Was the Champion of Okawaru.
             Killed from afar by a quicksilver dragon (31 damage)
             ... with a bolt of dispelling energy
             ... on level 5 of the Vaults on Apr 1, 2019.
             The game lasted 02:46:12 (45423 turns).

Kairos the Hoplite (Minotaur Fighter)              Turns: 45423, Time: 02:46:14

Health: -7/229     AC: 40    Str: 35    XL:     23   Next: 96%
Magic:  32/35      EV: 14    Int: 17    God:    Okawaru [******]
Gold:   3932       SH: 30    Dex: 10    Spells: 32/41 levels left

rFire    + + .     SeeInvis +   q - +5 broad axe of Reinforcement {protect, rN+ MR- Str+4 Int+7}
rCold    + . .     Gourm    .   c - +3 large shield
rNeg     + + .     Faith    +   y - +8 chain mail "Mosock Riemm" {rElec Int-2 Dex-5 Slay+5}
rPois    +         Spirit   .   V - +2 hat {SInv}
rElec    +         Reflect  .   L - +2 cloak {+Inv}
rCorr    +         Harm     .   G - +1 pair of gloves of the Shining Light {rElec rN+ Regen+}
MR       ++++.                  Q - +1 pair of boots of Okawaru's Favour {*Corrode rF- rC+ Int+7 Slay+3}
Stlth    ..........             t - amulet of Noll {Faith rElec rF+ MR+++ Stlth+}
HPRegen  0.88/turn              H - ring "Xiacilo" {rPois rF+ MR+}
MPRegen  0.24/turn              T - ring "Guosoeff" {rCorr rPois Dex+5}

@: protection aura, very slightly contaminated, studying Necromancy
A: retaliatory headbutt, horns 2, blink, fire resistance 1
}: 2/15 runes: barnacled, gossamer
a: Blink, Heroism, Finesse, Renounce Religion, Evoke Invisibility


You were on level 5 of the Vaults.
You worshipped Okawaru.
Okawaru was exalted by your worship.
You were not hungry.

You visited 9 branches of the dungeon, and saw 41 of its levels.
You visited the Abyss 1 time.
You also visited: Sewer, Ossuary, Bailey and Desolation.

You collected 7867 gold pieces.
You spent 3935 gold pieces at shops.

Inventory:

Hand Weapons
 q - the +5 broad axe of Reinforcement (weapon) {protect, rN+ MR- Str+4 Int+7}
   (Okawaru gifted it to you on level 3 of the Shoals)

   It protects the one who uses it against injury (+AC on strike).
   It affects your strength (+4).
   It affects your intelligence (+7).
   It protects you from negative energy.
   It affects your resistance to hostile enchantments.
 D - the +12 demon whip "Riamih" {slash, Str+2}
   (You found it on level 2 of the Shoals)

   It inflicts extra damage upon your enemies.
   It affects your strength (+2).
 J - a +9 broad axe of electrocution
Missiles
 b - 6 javelins of penetration
 v - 14 silver tomahawks (quivered)
 U - 8 throwing nets
 Y - 22 silver javelins
Armour
 c - a +3 large shield (worn)
 y - the +8 chain mail "Mosock Riemm" (worn) {rElec Int-2 Dex-5 Slay+5}
   (You found it in the Desolation of Salt)

   It affects your intelligence (-2).
   It affects your dexterity (-5).
   It affects your accuracy and damage with ranged weapons and melee attacks
   (+5).
   It insulates you from electricity.
 G - the +1 pair of gloves of the Shining Light (worn) {rElec rN+ Regen+}
   (You bought it in a shop on level 1 of the Shoals)

   It insulates you from electricity.
   It protects you from negative energy.
   It increases your rate of regeneration.
 L - a +2 cloak of invisibility (worn)
 Q - the +1 pair of boots of Okawaru's Favour (worn) {*Corrode rF- rC+ Int+7 Slay+3}
   (Okawaru gifted it to you on level 6 of the Lair of Beasts)

   It affects your intelligence (+7).
   It affects your accuracy and damage with ranged weapons and melee attacks
   (+3).
   It makes you vulnerable to fire.
   It protects you from cold.
   It may corrode you when you take damage.
 V - a +2 hat of see invisible (worn)
 W - the +6 crystal plate armour of Agnosticism {Str+3}
   (You acquired it on level 3 of the Vaults)

   It affects your strength (+3).
Jewellery
 a - an uncursed ring of protection from cold
 t - the amulet of Noll (around neck) {Faith rElec rF+ MR+++ Stlth+}
   (You found it on level 5 of the Lair of Beasts)

   [amulet of faith]

   It allows you to gain divine favour quickly.
   It protects you from fire.
   It insulates you from electricity.
   It affects your resistance to hostile enchantments.
   It makes you more stealthy.
 H - the ring "Xiacilo" (left hand) {rPois rF+ MR+}
   (You took it off a ragged hierophant in the Desolation of Salt)

   [ring of protection from fire]

   It protects you from fire.
   It protects you from poison.
   It affects your resistance to hostile enchantments.
 S - a +5 ring of strength
 T - the ring "Guosoeff" (right hand) {rCorr rPois Dex+5}
   (You bought it in a shop on level 2 of the Vaults)

   [ring of resist corrosion]

   It affects your dexterity (+5).
   It protects you from poison.
Wands
 j - a wand of digging (9)
 x - a wand of acid (19)
 P - a wand of disintegration (56)
 R - a wand of paralysis (26)
Scrolls
 l - 3 scrolls of silence
 n - 21 scrolls of remove curse
 o - 3 scrolls of holy word
 p - 29 scrolls of teleportation
 u - 6 scrolls of immolation
 F - 6 scrolls of fear
 I - a scroll of summoning
 M - 8 scrolls of identify
 N - 6 scrolls of magic mapping
 O - 4 scrolls of blinking
 X - 7 scrolls of fog
Potions
 d - 7 potions of might
 e - 6 potions of lignification
 g - 10 potions of flight
 h - 4 potions of berserk rage
 i - 8 potions of curing
 k - 3 potions of mutation
 r - 5 potions of invisibility
 s - 3 potions of magic
 w - 8 potions of brilliance
 z - 8 potions of ambrosia
 A - 7 potions of haste
 B - 10 potions of agility
 E - 7 potions of resistance
 K - 11 potions of heal wounds
 Z - 8 potions of cancellation
Books
 m - a manual of Necromancy
Miscellaneous
 C - 3 phantom mirrors
Comestibles
 f - 50 rations


   Skills:
 + Level 24.0 Fighting
 - Level 17.8(18.0) Axes
 - Level 3.9(12.6) Maces & Flails
 + Level 4.0 Throwing
 + Level 17.2 Armour
 + Level 9.7 Dodging
 + Level 4.3 Stealth
 - Level 25.0 Shields
 * Level 9.5 Spellcasting
 + Level 5.0 Charms
 * Level 6.6 Necromancy
 - Level 8.7 Invocations
 + Level 4.2 Evocations


You had 32 spell levels left.
You knew the following spells:

 Your Spells              Type           Power        Failure   Level  Hunger
a - Statue Form           Tmut/Erth      #........    100%        6    ######.
b - Regeneration          Chrm/Necr      ####......   6%          3    None

Your spell library contained the following spells:

 Spells                   Type           Power        Failure   Level  Hunger
 Animate Skeleton         Necr           N/A          1%          1    None
 Pain                     Necr           ####         1%          1    None
 Infusion                 Chrm           ####         2%          1    None
 Corpse Rot               Necr           N/A          2%          2    None
 Sublimation of Blood     Necr           ####......   2%          2    None
 Vampiric Draining        Necr           ####......   4%          3    None
 Animate Dead             Necr           N/A          14%         4    ###....
 Apportation              Tloc           #.....       22%         1    None
 Beastly Appendage        Tmut           #.....       22%         1    None
 Confusing Touch          Hex            #.....       22%         1    None
 Flame Tongue             Conj/Fire      #....        22%         1    None
 Magic Dart               Conj           #...         22%         1    None
 Summon Butterflies       Summ           #.......     22%         1    None
 Summon Small Mammal      Summ           #...         22%         1    None
 Call Imp                 Summ           #.......     34%         2    None
 Sticks to Snakes         Tmut           #.......     34%         2    None
 Throw Flame              Conj/Fire      #.....       34%         2    None
 Excruciating Wounds      Chrm/Necr      ####......   50%         5    #####..
 Call Canine Familiar     Summ           #.......     56%         3    None
 Confuse                  Hex            #.......     56%         3    None
 Conjure Flame            Conj/Fire      #.......     56%         3    None
 Gell's Gravitas          Tloc           #.........   56%         3    None
 Ignite Poison            Fire/Tmut/Pois #.......     56%         3    None
 Inner Flame              Hex/Fire       #.......     56%         3    None
 Portal Projectile        Hex/Tloc       #.....       56%         3    None
 Spider Form              Tmut/Pois      #.........   56%         3    None
 Static Discharge         Conj/Air       #.......     56%         3    None
 Summon Guardian Golem    Hex/Summ       #.......     56%         3    None
 Bolt of Draining         Conj/Necr      ###.......   85%         5    #####..
 Cause Fear               Hex            #.........   92%         4    ###....
 Ice Form                 Ice/Tmut       #.......     92%         4    ###....
 Leda's Liquefaction      Hex/Erth       #.........   92%         4    ###....
 Petrify                  Tmut/Erth      #.......     92%         4    ###....
 Sticky Flame             Conj/Fire      #.......     92%         4    ###....
 Summon Ice Beast         Ice/Summ       #.......     92%         4    ###....
 Summon Lightning Spire   Summ/Air       #.......     92%         4    ###....
 Throw Icicle             Conj/Ice       #.......     92%         4    ###....
 Iskenderun's Battlesphe  Conj/Chrm      ###.....     92%         5    #####..
 Alistair's Intoxication  Tmut/Pois      #.......     99%         5    #####..
 Blade Hands              Tmut           #.........   99%         5    #####..
 Bolt of Magma            Conj/Fire/Erth #.........   99%         5    #####..
 Fireball                 Conj/Fire      #.........   99%         5    #####..
 Irradiate                Conj/Tmut      #.........   99%         5    #####..
 Metabolic Englaciation   Hex/Ice        #.........   99%         5    #####..
 Silence                  Hex/Air        #.........   99%         5    #####..
 Summon Demon             Summ           #.........   99%         5    #####..
 Summon Forest            Summ/Tloc      #.........   99%         5    #####..
 Summon Mana Viper        Hex/Summ       #.......     99%         5    #####..
 Yara's Violent Unravell  Hex/Tmut       #.........   99%         5    #####..
 Bolt of Fire             Conj/Fire      #.........   100%        6    ######.
 Deflect Missiles         Chrm/Air       ###.......   100%        6    ######.
 Hydra Form               Tmut           #.........   100%        6    ######.
 Iron Shot                Conj/Erth      #.........   100%        6    ######.
 Simulacrum               Ice/Necr       ###.......   100%        6    ######.
 Dragon Form              Tmut           #.........   100%        7    #######
 Haunt                    Necr/Summ      ###.......   100%        7    #######
 Summon Hydra             Summ           #.........   100%        7    #######
 Discord                  Hex            #.........   100%        8    #######
 Dragon's Call            Summ           #.........   100%        9    #######
 Shatter                  Erth           #.........   100%        9    #######


Dungeon Overview and Level Annotations

Branches:
Dungeon (13/15)            Temple (1/1) D:5            Lair (6/6) D:9
 Shoals (4/4) Lair:3       Spider (4/4) Lair:4        Slime (0/5) Lair:5
    Orc (2/2) D:11            Elf (3/3) Orc:2        Vaults (5/5) D:13
  Crypt (3/3) Vaults:3       Tomb (0/3) Crypt:3

Altars:
Ashenzari
Cheibriados
Dithmenos
Elyvilon
Fedhas
Gozag
Hepliaklqana
Kikubaaqudgha
Makhleb
Nemelex Xobeh
Okawaru
Qazlal
Ru
Sif Muna
Trog
Uskayaw
Vehumet
Wu Jian
Xom
Yredelemnul
Zin
The Shining One

Shops:
D:10 %   D:13 *?!*?   Orc:2 ([*:   Elf:2 (   Shoals:1 [   Shoals:2 *
Vaults:1 :   Vaults:2 =   Vaults:3 *([

Annotations:
Lair:2 exclusion: oklob plant
Lair:5 exclusion: 4 oklob plants


Innate Abilities, Weirdness & Mutations

You reflexively headbutt those who attack you in melee.
You have a pair of horns on your head.
You can translocate small distances at will.
Your flesh is heat resistant. (rF+)


Message History

A flayed ghost comes into view.
Found a staff of power.
You block the flayed ghost's attack.
You slice the flayed ghost!!
Your weapon exudes an aura of protection.
You headbutt the flayed ghost!
The flayed ghost is heavily damaged.
The flayed ghost stares at you with tortured malice.
You slice the flayed ghost!!
The flayed ghost is severely damaged.
The deep elf mage mumbles some strange words.
The flayed ghost cries, "Feel what I felt!"
You slash the flayed ghost! You headbutt the flayed ghost.
The flayed ghost is almost destroyed.
You slice the flayed ghost!!
You destroy the flayed ghost!
Okawaru accepts your kill.
The quicksilver dragon breathes dispelling energy at you.
The bolt of dispelling energy hits you!!
You die...

#.#.#.#.#.#.##
.#.#.#.#.#.#.#....# .#
#.#.#.#.#.#e##....# .#
.#.#.#D#D#.#.#....#..#
#.#.#.#.#
#.#.....#..####
.#.#.#.#
#.#....#...... .#.#.#
#|#........... ####
#.#..D.....#####
..D....@........
................
################


You could see a fire dragon, a quicksilver dragon and a deep elf mage.

Vanquished Creatures
  Mara (Crypt:2)
  An ancient lich (Vaults:5)
  Saint Roka (Vaults:2)
  A profane servitor (Crypt:3)
  Jory (Crypt:3)
  A bone dragon (Crypt:3)
  Arachne (Spider:4)
  A tentacled monstrosity (Vaults:5)
  3 deep elf blademasters
  2 deep elf master archers (Elf:3)
  3 liches
  A titan (Vaults:5)
  A quicksilver dragon (Vaults:5)
  Polyphemus (Shoals:4)
  A kraken (Shoals:2)
  3 tentacled starspawn (Abyss:1)
  Frances (Spider:2)
  2 sphinxes (Vaults:5)
  A shadow dragon (Vaults:4)
  Donald (Elf:1)
  2 storm dragons
  4 ancient champions
  A daeva (Abyss:1)
  2 revenants
  7 deep elf sorcerers (Elf:3)
  2 ghost moths
  A balrug (Abyss:1)
  3 frost giants
  2 imperial myrmidons (Desolation)
  4 emperor scorpions (Spider:4)
  Louise (Shoals:1)
  An orc warlord (Orc:2)
  10 ghouls
  10 vault wardens
  4 deep elf elementalists (Elf:3)
  12 ironheart preservers
  A reaper (Crypt:2)
  6 stone giants
  A war gargoyle (Vaults:3)
  9 vampire knights
  3 entropy weavers
  7 deep elf demonologists
  A halazid warlock (Desolation)
  2 spark wasps (Spider:2)
  3 eidola (Crypt:2)
  6 merfolk javelineers
  3 crystal guardians (Desolation)
  4 deep elf annihilators (Elf:3)
  4 ettins
  8 merfolk impalers
  4 deep elf death magi
  5 fire dragons
  23 jiangshi
  9 yaktaur captains
  11 starcursed masses (Abyss:1)
  3 deep elf high priests
  7 servants of whispers (Desolation)
  11 ragged hierophants
  24 vault guards
  7 hydras
  A great orb of eyes (Vaults:3)
  9 ogre magi
  4 ice dragons
  7 peacekeepers (Desolation)
  A shambling mangrove (Lair:6)
  2 merfolk avatars (Shoals:4)
  A catoblepas (Shoals:4)
  An alligator snapping turtle (Shoals:4)
  7 centaur warriors
  35 dancing weapons
  5 satyrs
  11 death knights
  2 tengu warriors (D:13)
  8 death scarabs (Spider:4)
  20 two-headed ogres
  4 merfolk aquamancers
  6 vampire magi (Crypt:1)
  2 death yaks (Shoals:4)
  A titan zombie (Crypt:2)
  5 orc high priests
  20 deep elf knights
  A titan skeleton (Crypt:1)
  Nergalle (D:11)
  A soul eater (Crypt:1)
  A spectral ghost moth (Crypt:3)
  A spark wasp zombie (Crypt:1)
  26 skeletal warriors
  2 wretched stars (Abyss:1)
  5 shadow wraiths
  2 unseen horrors
  An anaconda zombie (Crypt:3)
  8 flayed ghosts
  An iron giant zombie (Crypt:1)
  15 sea snakes
  5 wizards
  A glowing orange brain (Vaults:4)
  Pikel (D:5)
  3 spectral wolf spiders (Spider:4)
  20 deep elf archers
  A swamp dragon (Lair:6)
  21 ironbrand convokers
  15 orb spiders
  16 orc knights
  10 harpies
  A harpy (shapeshifter) (Vaults:1)
  11 phantasmal warriors
  5 necromancers
  3 wolf spider zombies
  76 deep elf magi
  7 ugly things
  8 cyclopes
  6 orc sorcerers
  28 wolf spiders
  11 fauns
  8 merfolk sirens
  15 manticores
  4 moths of wrath
  22 slime creatures
  A fire giant skeleton (Crypt:2)
  4 elephants (Lair:3)
  7 black mambas
  2 centaur zombies
  A torpor snail (shapeshifter) (Elf:3)
  12 vault sentinels
  10 water nymphs
  6 guardian serpents
  A guardian serpent (shapeshifter) (Vaults:1)
  16 spiny frogs
  A molten gargoyle (Desolation)
  2 large abominations
  3 spectral redbacks (Spider:4)
  6 komodo dragons
  3 rime drakes
  An emperor scorpion zombie (Crypt:2)
  33 yaktaurs
  15 freezing wraiths
  A redback zombie (Spider:4)
  A green draconian skeleton (Crypt:1)
  10 demonic crawlers
  40 jumping spiders
  2 golden dragon simulacra (Crypt:1)
  A spectral harpy (Crypt:3)
  A death yak skeleton (Crypt:2)
  A queen bee (Spider:2)
  4 trolls
  6 meliai
  An ancient zyme (Abyss:1)
  7 harpy zombies (Shoals:4)
  2 spectral jumping spiders (Spider:4)
  6 wind drakes
  9 hornets
  Grinder (D:5)
  3 spectral tarantellas (Spider:4)
  A hydra skeleton (Crypt:1)
  A blink frog (shapeshifter) (Vaults:3)
  A sphinx simulacrum (Vaults:1)
  57 saltlings
  34 merfolk
  2 tarantella zombies (Spider:4)
  10 hippogriffs
  15 dream sheep
  A jumping spider zombie (Spider:4)
  A bog body (Crypt:2)
  20 blink frogs
  14 snapping turtles
  16 wraiths
  Sigmund (D:6)
  A vampire (D:11)
  A ynoxinul (Abyss:1)
  62 flying skulls
  65 redbacks
  3 shadows
  38 tarantellas
  2 air elementals (Elf:1)
  An orc simulacrum (Vaults:2)
  11 water elementals
  31 yaks
  10 wyverns
  A human (D:7)
  3 fire elementals
  3 hogs (D:7)
  2 vampire mosquitoes (D:12)
  A chaos spawn (Abyss:1)
  2 hungry ghosts
  2 basilisks
  Menkaure (D:6)
  A steam dragon (Lair:6)
  A deep troll zombie (Crypt:1)
  4 wargs
  28 water moccasins
  4 acid dragons
  A gelid demonspawn skeleton (Crypt:2)
  A monstrous demonspawn skeleton (Crypt:2)
  9 porcupines
  A spectral hornet (Spider:4)
  2 swamp drakes (Lair:6)
  A hornet zombie (D:5)
  Purgy (Sewer)
  61 orc warriors
  3 sky beasts
  2 black bears (D:9)
  3 ice beasts
  10 necrophages
  24 ogres
  20 wolves
  An ice dragon simulacrum (Crypt:2)
  6 boggarts
  A lindwurm skeleton (Crypt:2)
  21 crocodiles
  2 big kobolds
  A swamp dragon skeleton (Crypt:3)
  17 centaurs
  Blork the orc (D:5)
  A komodo dragon skeleton (Crypt:2)
  18 bullfrogs
  4 earth elementals
  A spiny frog simulacrum (Crypt:1)
  A water moccasin zombie (D:11)
  3 wyvern skeletons
  5 scorpions
  11 killer bees (Spider:2)
  6 wights
  A polar bear skeleton (Crypt:2)
  2 howler monkeys
  3 electric eels
  2 bullfrog zombies
  9 small abominations
  5 crimson imps
  3 quasits
  A human simulacrum (Vaults:1)
  9 jellies
  9 hounds
  29 orc priests
  36 orc wizards
  A demonspawn skeleton (Crypt:2)
  6 iguanas
  2 bullfrog skeletons
  12 worker ants
  6 hell rats (Lair:4)
  A killer bee zombie (D:5)
  A naga zombie (Crypt:2)
  5 mummies
  2 worker ant zombies
  9 gnolls
  12 adders
  A howler monkey skeleton (D:10)
  A shadow imp (D:5)
  A lava snake zombie (Crypt:1)
  5 adder skeletons
  4 worms
  A dart slug (D:4)
  9 leopard geckos
  128 orcs
  11 giant cockroaches
  7 goblins
  10 hobgoblins
  11 jackals
  5 quokkas
  A ball python (D:4)
  10 bats
  11 frilled lizards
  5 gnoll skeletons (Ossuary)
  A gnoll zombie (Ossuary)
  5 goblin skeletons (Ossuary)
  5 goblin zombies (Ossuary)
  5 hobgoblin skeletons (Ossuary)
  3 hobgoblin zombies (Ossuary)
  11 kobolds
  4 kobold skeletons (Ossuary)
  4 kobold zombies (Ossuary)
  A leopard gecko skeleton (D:5)
  An orc skeleton (Ossuary)
  6 orc zombies (Ossuary)
  A quokka skeleton (D:4)
  4 rats
  4 rat skeletons (Ossuary)
  5 rat zombies (Ossuary)
  A butterfly (Lair:6)
  A crawling corpse (Elf:3)
  10 fungi
  10 plants
  A starspawn tentacle (Abyss:1)
  6 tentacles (Shoals:2)
2158 creatures vanquished.

Vanquished Creatures (others)
  A halazid warlock (Desolation)
  A merfolk aquamancer (Shoals:4)
  A two-headed ogre (Vaults:3)
  2 deep elf magi
  A saltling (Desolation)
  A killer bee (Spider:2)
  An orc (D:10)
  A goblin skeleton (Ossuary)
  A hobgoblin zombie (Ossuary)
  28 fungi
  35 plants
  3 starspawn tentacles (Abyss:1)
  15 tentacles (Shoals:2)
  17 toadstools (Lair:2)
108 creatures vanquished.

Grand Total: 2266 creatures vanquished

Notes
Turn   | Place    | Note
-------+----------+-------------------------------------------
     0 | D:1      | Kairos the Minotaur Fighter began the quest for the Orb.
     0 | D:1      | Reached XP level 1. HP: 19/19 MP: 0/0
   158 | D:1      | Reached XP level 2. HP: 27/27 MP: 1/1
   622 | D:2      | Reached XP level 3. HP: 33/33 MP: 2/2
   886 | D:2      | Reached XP level 4. HP: 29/40 MP: 3/3
   913 | D:2      | Reached skill level 4 in Shields
  1341 | D:3      | Found a glowing drain.
  1361 | Sewer    | Entered a sewer
  1364 | Sewer    | Noticed a big kobold
  1371 | Sewer    | Killed a big kobold
  1371 | Sewer    | Reached skill level 1 in Dodging
  1371 | Sewer    | Reached XP level 5. HP: 40/47 MP: 4/4
  1438 | Sewer    | Noticed Purgy
  1442 | Sewer    | Killed Purgy
  1442 | Sewer    | Reached skill level 5 in Axes
  1599 | D:3      | Reached XP level 6. HP: 53/53 MP: 5/5
  1791 | D:4      | Reached skill level 5 in Shields
  2451 | D:4      | Reached skill level 5 in Armour
  2451 | D:4      | Reached XP level 7. HP: 56/60 MP: 6/6
  3095 | D:5      | Entered Level 5 of the Dungeon
  3231 | D:5      | Reached skill level 5 in Fighting
  3302 | D:5      | Noticed Pikel
  3328 | D:5      | Killed Pikel
  3328 | D:5      | Reached skill level 6 in Shields
  3328 | D:5      | Reached XP level 8. HP: 52/70 MP: 2/7
  3493 | D:5      | Reached skill level 1 in Stealth
  3557 | D:5      | Noticed Grinder
  3572 | D:5      | Killed Grinder
  3584 | D:5      | Found a staircase to the Ecumenical Temple.
  3601 | Temple   | Entered the Ecumenical Temple
  3695 | Temple   | Became a worshipper of Warmaster Okawaru
  3990 | D:5      | Noticed Blork the orc
  3999 | D:5      | Killed Blork the orc
  4053 | D:5      | Reached XP level 9. HP: 70/77 MP: 2/8
  4100 | D:5      | Reached * piety under Okawaru
  4891 | D:6      | Noticed Sigmund
  4898 | D:6      | Killed Sigmund
  4898 | D:6      | Reached skill level 10 in Axes
  4912 | D:6      | Found a sand-covered staircase.
  4921 | Ossuary  | Entered an ossuary
  4992 | Ossuary  | Reached skill level 7 in Shields
  5367 | D:6      | Noticed Menkaure
  5374 | D:6      | Killed Menkaure
  5623 | D:7      | Reached ** piety under Okawaru
  5984 | D:7      | Found a white marble altar of Elyvilon.
  6396 | D:7      | Reached XP level 10. HP: 75/86 MP: 3/9
  6405 | D:7      | Reached *** piety under Okawaru
  7557 | D:9      | Found a flagged portal.
  7738 | D:9      | Reached skill level 8 in Shields
  7793 | Bailey   | Entered a bailey
  8186 | Bailey   | Noticed an orc knight
  8220 | Bailey   | Killed an orc knight
  8245 | Bailey   | Found a burning altar of Makhleb.
  8703 | D:9      | Reached skill level 5 in Dodging
  8827 | D:9      | Reached **** piety under Okawaru
  8863 | D:9      | Found a staircase to the Lair.
  8875 | D:9      | Reached skill level 9 in Shields
  8923 | D:9      | Reached skill level 1 in Invocations
  9298 | D:10     | Entered Level 10 of the Dungeon
  9708 | D:10     | Reached XP level 11. HP: 95/95 MP: 10/10
 10376 | D:10     | Found Uxzizib's Food Shop.
 10387 | D:10     | Reached ***** piety under Okawaru
 10595 | D:11     | Found a staircase to the Orcish Mines.
 10596 | D:11     | Noticed a seven-headed hydra
 10986 | D:11     | Killed an eight-headed hydra
 10986 | D:11     | Reached skill level 1 in Maces & Flails
 11391 | D:11     | Got an ebony war axe
 11392 | D:11     | Identified the +4 war axe "Wucon" {flame, *Contam rElec
                  | Int+2} (You found it on level 11 of the Dungeon)
 11819 | D:11     | Reached skill level 10 in Armour
 11823 | D:11     | Received a gift from Okawaru
 11823 | D:11     | Reached skill level 10 in Shields
 11965 | D:11     | Noticed Nergalle
 11981 | D:11     | Killed Nergalle
 12325 | D:12     | Noticed a green ugly thing
 12333 | D:12     | Killed a green ugly thing
 12333 | D:12     | Reached XP level 12. HP: 68/106 MP: 11/11
 12441 | D:12     | Reached skill level 10 in Fighting
 12510 | D:12     | Got a bloodstained chain mail
 12521 | D:12     | Identified the +3 chain mail of Deceoneu {rF- Str+2 Int+7}
                  | (You found it on level 12 of the Dungeon)
 12796 | D:12     | Reached skill level 11 in Shields
 13281 | Lair:1   | Entered Level 1 of the Lair of Beasts
 13330 | Lair:1   | Received a gift from Okawaru
 13539 | Lair:1   | Noticed an eight-headed hydra
 13546 | Lair:1   | Killed a five-headed hydra
 13546 | Lair:1   | Received a gift from Okawaru
 13546 | Lair:1   | Reached skill level 15 in Axes
 13588 | Lair:1   | Noticed a seven-headed hydra
 13597 | Lair:1   | Killed a five-headed hydra
 14016 | Lair:2   | Identified a scroll of acquirement
 14152 | Lair:2   | Reached ****** piety under Okawaru
 14521 | Lair:2   | Found a blossoming altar of Fedhas.
 14730 | Lair:3   | Found a staircase to the Shoals.
 14905 | Lair:3   | Received a gift from Okawaru
 15010 | Lair:3   | Reached XP level 13. HP: 87/116 MP: 9/12
 15033 | Lair:3   | Reached skill level 12 in Shields
 16130 | Lair:4   | Received a gift from Okawaru
 16346 | Lair:4   | Found a hole to the Spider Nest.
 16733 | Lair:5   | Found a staircase to the Slime Pits.
 16896 | Lair:5   | Found a shadowy altar of Dithmenos.
 17265 | Lair:5   | Got a jewelled flail
 17376 | Lair:5   | Got a flickering bronze amulet
 17574 | Lair:6   | Entered Level 6 of the Lair of Beasts
 18014 | Lair:6   | Reached skill level 13 in Shields
 18251 | Lair:4   | Got an ancient hat {god gift}
 18257 | Lair:4   | Identified the -3 hat of Responsibility {Str+4 Dex+3}
                  | (Okawaru gifted it to you on level 4 of the Lair of Beasts)
 18341 | Lair:6   | Received a gift from Okawaru
 18636 | Lair:6   | Identified the amulet of Noll {Faith rElec rF+ MR+++
                  | Stlth+} (You found it on level 5 of the Lair of Beasts)
 18758 | Lair:6   | Reached XP level 14. HP: 126/126 MP: 13/13
 19431 | Lair:6   | Received a gift from Okawaru
 19445 | Lair:6   | Got a pair of twisted boots {god gift}
 19451 | Lair:6   | Identified the +1 pair of boots of Okawaru's Favour
                  | {*Corrode rF- rC+ Int+7 Slay+3} (Okawaru gifted it to you
                  | on level 6 of the Lair of Beasts)
 21096 | Shoals:1 | Entered Level 1 of the Shoals
 21379 | Shoals:1 | Reached skill level 1 in Evocations
 21408 | Shoals:1 | HP: 6/127 [barbs]
 21839 | Lair:3   | Gained mutation: You tend to lose your temper in combat.
                  | [potion of mutation]
 21839 | Lair:3   | Gained mutation: You are somewhat resistant to further
                  | mutation. [potion of mutation]
 21840 | Lair:3   | Lost mutation: You are somewhat resistant to further
                  | mutation. [potion of mutation]
 21840 | Lair:3   | Lost mutation: You tend to lose your temper in combat.
                  | [potion of mutation]
 21840 | Lair:3   | Gained mutation: You are partially covered in yellow
                  | scales. (AC +2) [potion of mutation]
 21840 | Lair:3   | Gained mutation: You are agile. (Dex +2) [potion of
                  | mutation]
 21842 | Lair:3   | Reached XP level 15. HP: 134/134 MP: 14/16
 22929 | Shoals:1 | Noticed Louise
 22950 | Shoals:1 | Reached skill level 14 in Shields
 22960 | Shoals:1 | Killed Louise
 23371 | Shoals:1 | Received a gift from Okawaru
 23466 | Shoals:1 | Found Ysomoed's Antique Armour Shoppe.
 23529 | Shoals:1 | Bought a pair of polished gloves for 342 gold pieces
 23539 | Shoals:1 | Identified the +1 pair of gloves of the Shining Light
                  | {rElec rN+ Regen+} (You bought it in a shop on level 1 of
                  | the Shoals)
 23933 | Shoals:2 | Found Heivoyzy's General Store.
 23952 | Shoals:2 | Bought a scroll of fear for 63 gold pieces
 23952 | Shoals:2 | Bought a scroll of blinking for 135 gold pieces
 23952 | Shoals:2 | Bought a +2 amulet of reflection for 135 gold pieces
 23994 | Shoals:2 | Identified the +7 flail of the Modern Beggars {crush, rF+
                  | MR++ Str+2 Int-5} (You found it on level 5 of the Lair of
                  | Beasts)
 24089 | Shoals:2 | Found a transporter.
 24140 | Shoals:2 | Noticed a kraken
 24278 | Shoals:2 | Learned a level 6 spell: Statue Form
 24407 | Shoals:2 | Found a transporter.
 24515 | Shoals:2 | Reached skill level 15 in Shields
 24534 | Shoals:2 | Got a slimy demon whip
 24535 | Shoals:2 | Identified the +12 demon whip "Riamih" {slash, Str+2} (You
                  | found it on level 2 of the Shoals)
 24613 | Shoals:2 | Gained mutation: You are weak. (Str -2) [mutagenic glow]
 24641 | Shoals:2 | Lost mutation: You are weak. (Str -2) [potion of mutation]
 24641 | Shoals:2 | Lost mutation: You are agile. (Dex +2) [potion of mutation]
 24641 | Shoals:2 | Lost mutation: You are partially covered in yellow scales.
                  | (AC +2) [potion of mutation]
 24641 | Shoals:2 | Gained mutation: Your flesh is heat resistant. (rF+)
                  | [potion of mutation]
 24641 | Shoals:2 | Gained mutation: You can translocate small distances at
                  | will. [potion of mutation]
 24706 | Shoals:3 | Reached XP level 16. HP: 144/144 MP: 15/17
 24710 | Shoals:3 | Received a gift from Okawaru
 24723 | Shoals:3 | Got a translucent broad axe {god gift}
 24725 | Shoals:3 | Identified the +5 broad axe of Reinforcement {protect, rN+
                  | MR- Str+4 Int+7} (Okawaru gifted it to you on level 3 of
                  | the Shoals)
 25016 | Shoals:3 | HP: 4/145 [cyclops (46)]
 25124 | Shoals:2 | Killed a kraken
 25124 | Shoals:2 | Received a gift from Okawaru
 25592 | Shoals:4 | Entered Level 4 of the Shoals
 25606 | Shoals:4 | Reached skill level 16 in Shields
 25824 | Shoals:4 | Received a gift from Okawaru
 25843 | Shoals:4 | Got a barnacled rune of Zot
 26085 | Shoals:4 | Noticed Polyphemus
 26120 | Shoals:4 | HP: 6/147 [Polyphemus/large rock (5)]
 26339 | Shoals:4 | Killed Polyphemus
 26339 | Shoals:4 | Reached skill level 17 in Shields
 26389 | Shoals:4 | Identified Vehumet's Papyrus of Damage Dealing
 26414 | Shoals:4 | Reached skill level 1 in Throwing
 26418 | Shoals:4 | Reached skill level 15 in Fighting
 26603 | Shoals:4 | Got a pitted plate armour
 26614 | Shoals:4 | Identified the cursed +0 plate armour of the Stag {rCorr}
                  | (You found it on level 4 of the Shoals)
 26832 | Shoals:4 | Reached skill level 1 in Spellcasting
 26840 | Shoals:4 | Reached XP level 17. HP: 156/156 MP: 19/19
 27117 | Spider:1 | Entered Level 1 of the Spider Nest
 27244 | Spider:1 | Received a gift from Okawaru
 27383 | Spider:1 | Reached skill level 5 in Invocations
 27633 | Spider:2 | Noticed Frances
 27659 | Spider:2 | Killed Frances
 27716 | Spider:2 | Reached skill level 18 in Shields
 27990 | Spider:2 | Found a runed translucent door.
 28218 | Spider:2 | Received a gift from Okawaru
 28322 | Spider:3 | Received a gift from Okawaru
 28629 | Spider:3 | Reached skill level 15 in Armour
 29332 | Spider:4 | Entered Level 4 of the Spider Nest
 29409 | Spider:4 | Noticed Arachne
 29435 | Spider:4 | Killed Arachne
 29800 | Spider:4 | Received a gift from Okawaru
 29819 | Spider:4 | Identified the +9 hand axe of Annoyance {freeze, -Tele rC+
                  | rN+ Str+3} (Okawaru gifted it to you on level 4 of the
                  | Spider Nest)
 29828 | Spider:4 | Reached XP level 18. HP: 161/166 MP: 22/22
 29906 | Spider:4 | Reached skill level 19 in Shields
 30068 | Spider:4 | Received a gift from Okawaru
 30350 | Spider:4 | Got a gossamer rune of Zot
 30761 | Orc:1    | Entered Level 1 of the Orcish Mines
 30789 | Orc:1    | Found a burning altar of Makhleb.
 31223 | Orc:2    | Entered Level 2 of the Orcish Mines
 31226 | Orc:2    | Found a staircase to the Elven Halls.
 31578 | Orc:2    | Received a gift from Okawaru
 31592 | Orc:2    | Reached skill level 5 in Spellcasting
 31733 | Orc:2    | Found Medumm's General Store.
 31734 | Orc:2    | Found Kazuo's Book Shoppe.
 31735 | Orc:2    | Found Zuzo's Antique Armour Emporium.
 31735 | Orc:2    | Found Jarrunaq's Antique Weapon Emporium.
 31749 | Orc:2    | Bought a scroll of enchant weapon for 120 gold pieces
 31749 | Orc:2    | Bought a potion of heal wounds for 80 gold pieces
 31749 | Orc:2    | Bought 2 potions of might for 128 gold pieces
 31964 | Elf:1    | Entered Level 1 of the Elven Halls
 31980 | Elf:1    | Found a radiant altar of Vehumet.
 32080 | Elf:1    | Identified the +4 shield of Hedging {*Corrode Dex+3 Stlth+}
 32080 | Elf:1    | Noticed Donald
 32106 | Elf:1    | Killed Donald
 32557 | Elf:1    | Noticed a Tzitzimitl
 32565 | Elf:1    | Reached skill level 20 in Shields
 32742 | Elf:1    | Cast into level 1 of the Abyss (deep elf mage)
 32749 | Abyss:1  | Found a corrupted altar of Lugonu.
 32771 | Abyss:1  | Received a gift from Okawaru
 32777 | Abyss:1  | Identified the +5 great mace of Lies {crush, rN+ Dex+2
                  | Stlth-} (Okawaru gifted it to you on level 1 of the Abyss)
 32842 | Abyss:1  | Found a corrupted altar of Lugonu.
 32897 | Abyss:1  | Paralysed by accursed screaming for 1 turns
 33077 | Abyss:1  | Reached XP level 19. HP: 151/177 MP: 26/26
 33147 | Elf:1    | Escaped the Abyss
 33218 | Elf:1    | Identified the Reference Book on Companions
 33432 | Elf:1    | Learned a level 3 spell: Regeneration
 33497 | Elf:2    | Received a gift from Okawaru
 33540 | Elf:2    | Found Uhaxyon's Weapon Shop.
 33566 | Elf:2    | Reached skill level 1 in Necromancy
 33621 | Elf:2    | Found a ruined gateway.
 33631 | Elf:2    | Reached skill level 1 in Charms
 33709 | Desolati | Entered the Desolation of Salt
 33745 | Desolati | Received a gift from Okawaru
 33785 | Desolati | Identified the +7 war axe of Kuozxum {pain, +Blink}
                  | (Okawaru gifted it to you in the Desolation of Salt)
 33915 | Desolati | Identified the +2 buckler "Coamm" {rF+++ rC- MP+9 Int+6}
 33915 | Desolati | Identified the ring "Luebip Lauwi" {rPois MR+}
 33943 | Desolati | Identified the +8 chain mail "Mosock Riemm" {rElec Int-2
                  | Dex-5 Slay+5} (You found it in the Desolation of Salt)
 33974 | Desolati | Got a faintly glowing hand axe
 33975 | Desolati | Identified the cursed +0 hand axe of Gozag's Castigation
                  | {flame, Int+3} (You found it in the Desolation of Salt)
 34021 | Desolati | Received a gift from Okawaru
 34024 | Desolati | Got a spiked ring mail {god gift}
 34035 | Desolati | Identified the +1 ring mail of Keoskim {rC+ Regen+ Dex+4}
                  | (Okawaru gifted it to you in the Desolation of Salt)
 34106 | Desolati | Reached skill level 21 in Shields
 34183 | Desolati | Got an aquamarine-encrusted scale mail
 34194 | Desolati | Identified the cursed +1 scale mail of Izipputt {+Inv MR+}
                  | (You found it in the Desolation of Salt)
 34258 | Desolati | Identified the +2 battleaxe "Aubergine" {drain, rN+ Int+2}
 34258 | Desolati | Identified the ring "Xiacilo" {rPois rF+ MR+}
 34337 | Desolati | Identified the Reference Book on Helpful Translocation
 34350 | Desolati | Got a faintly glowing broad axe
 34351 | Desolati | Identified the +3 broad axe "Killer Bee's Curse" {venom,
                  | MR+ Stlth+} (You found it in the Desolation of Salt)
 34866 | Elf:2    | Identified the +7 flail of the Chain {crush, rC+++ rN+
                  | Str-5} (Okawaru gifted it to you on level 2 of the Elven
                  | Halls)
 34977 | Elf:2    | Found a runed translucent gate.
 34978 | Elf:2    | Found a runed translucent gate.
 34978 | Elf:2    | Found a runed translucent gate.
 35162 | Elf:2    | Reached XP level 20. HP: 188/189 MP: 28/28
 35188 | Elf:2    | Received a gift from Okawaru
 35506 | Elf:3    | Entered Level 3 of the Elven Halls
 35663 | Elf:3    | Received a gift from Okawaru
 36021 | Elf:3    | Identified the ring "Kecuimua" {*Tele +Blink rC+ Str-5}
 36106 | Elf:3    | Identified the +4 halberd of the Real Monster {drain,
                  | Str+4}
 36198 | Elf:3    | Received a gift from Okawaru
 36202 | Elf:3    | Got a smelly chain mail {god gift}
 36219 | Elf:3    | Identified the +1 chain mail of Sovereignty {+Fly} (Okawaru
                  | gifted it to you on level 3 of the Elven Halls)
 36246 | Elf:3    | Reached skill level 22 in Shields
 36282 | Elf:3    | Found the +0 Maxwell's etheric cage {RegenMP+ *Contam rElec
                  | MP+4}
 36374 | Elf:3    | Identified the +3 mace of the Four Ghosts {crush, Dex+4
                  | Stlth+}
 36891 | D:13     | Found Qiurooniq's Distillery.
 36913 | D:13     | Bought a potion of heal wounds for 95 gold pieces
 36913 | D:13     | Bought a potion of agility for 76 gold pieces
 36913 | D:13     | Bought a potion of agility for 76 gold pieces
 36913 | D:13     | Bought a potion of cancellation for 152 gold pieces
 36913 | D:13     | Bought a potion of cancellation for 152 gold pieces
 36913 | D:13     | Bought a potion of curing for 57 gold pieces
 37065 | D:13     | Found a gate to the Vaults.
 37092 | D:13     | Found Seczuuc's General Store.
 37100 | D:13     | Bought 2 potions of resistance for 260 gold pieces
 37100 | D:13     | Bought a potion of heal wounds for 65 gold pieces
 37100 | D:13     | Bought a scroll of fog for 26 gold pieces
 37142 | D:13     | Found Soom's Magic Scroll Shop.
 37150 | D:13     | Bought a scroll of enchant weapon for 135 gold pieces
 37150 | D:13     | Bought a scroll of teleportation for 54 gold pieces
 37150 | D:13     | Bought a scroll of identify for 36 gold pieces
 37150 | D:13     | Bought a scroll of identify for 36 gold pieces
 37196 | D:13     | Reached skill level 5 in Necromancy
 37306 | D:13     | Found Bus Ruos's Magic Scroll Shop.
 37311 | D:13     | Bought a scroll of silence for 82 gold pieces
 37311 | D:13     | Bought a scroll of identify for 22 gold pieces
 37311 | D:13     | Bought a scroll of teleportation for 33 gold pieces
 37311 | D:13     | Bought a scroll of identify for 22 gold pieces
 37360 | D:13     | Found Noemavom's General Store.
 37363 | D:13     | Bought a potion of heal wounds for 85 gold pieces
 37363 | D:13     | Bought a scroll of teleportation for 51 gold pieces
 37799 | Vaults:1 | Entered Level 1 of the Vaults
 38216 | Vaults:1 | Identified the cursed +0 helmet of Creativity {-Tele MR+
                  | Regen+ Str+10 Dex+2} (You found it on level 1 of the
                  | Vaults)
 38448 | Vaults:1 | Found Afogeg's Book Shop.
 38495 | Vaults:1 | Reached XP level 21. HP: 189/200 MP: 29/29
 38979 | Vaults:1 | Received a gift from Okawaru
 39564 | Vaults:2 | Found Ziphan Peegi's Jewellery Emporium.
 39572 | Vaults:2 | Bought the ring "Guosoeff" {rCorr rPois Dex+5} for 667 gold
                  | pieces
 39658 | Vaults:2 | Noticed Saint Roka
 39680 | Vaults:2 | Killed Saint Roka
 39680 | Vaults:2 | Received a gift from Okawaru
 39681 | Vaults:2 | Found the +15 Maxwell's patent armour {-Cast -Tele rElec
                  | MR+ rCorr}
 40364 | Vaults:3 | Reached skill level 23 in Shields
 40433 | Vaults:3 | Found a staircase to the Crypt.
 40469 | Vaults:3 | Received a gift from Okawaru
 40528 | Vaults:3 | Received a gift from Okawaru
 40770 | Vaults:3 | Got a jewelled crystal plate armour
 40781 | Vaults:3 | Identified the +6 crystal plate armour of Agnosticism
                  | {Str+3} (You acquired it on level 3 of the Vaults)
 41512 | Vaults:3 | Found Gozag's Antique Weapon Boutique.
 41514 | Vaults:3 | Found an opulent altar of Gozag.
 41518 | Vaults:3 | Found Gozag's Antique Armour Shop.
 41538 | Vaults:3 | Found Gozag's Assorted Antiques.
 41647 | Vaults:3 | Bought a pair of glowing boots for 750 gold pieces
 41809 | Crypt:1  | Entered Level 1 of the Crypt
 41819 | Crypt:1  | Received a gift from Okawaru
 41821 | Crypt:1  | Reached XP level 22. HP: 184/211 MP: 31/31
 42225 | Crypt:1  | Reached skill level 24 in Shields
 42571 | Crypt:2  | Noticed Mara
 42582 | Crypt:2  | Noticed Kairos's illusion
 42609 | Crypt:2  | Killed Mara
 42658 | Crypt:2  | Received a gift from Okawaru
 43091 | Crypt:3  | Entered Level 3 of the Crypt
 43260 | Crypt:3  | Found a basalt altar of Yredelemnul.
 43460 | Crypt:3  | Identified the Volume of Evil
 43526 | Crypt:3  | Reached XP level 23. HP: 183/223 MP: 34/34
 43554 | Crypt:3  | Found a staircase to the Tomb.
 43560 | Crypt:3  | Noticed Jory
 43576 | Crypt:3  | Killed Jory
 43576 | Crypt:3  | Received a gift from Okawaru
 43653 | Crypt:3  | Reached skill level 25 in Shields
 44479 | Vaults:4 | Received a gift from Okawaru
 45353 | Vaults:5 | Entered Level 5 of the Vaults
 45355 | Vaults:5 | Noticed an ancient lich
 45368 | Vaults:5 | Received a gift from Okawaru
 45383 | Vaults:5 | Killed an ancient lich
 45385 | Vaults:5 | Received a gift from Okawaru
 45391 | Vaults:5 | Reached skill level 5 in Charms
 45423 | Vaults:5 | Killed from afar by a quicksilver dragon

Skill      XL: |  1  2  3  4  5  6  7  8  9 10 11 12 13 14 15 16 17 18 19 20 21 22 23 |
---------------+----------------------------------------------------------------------+-----
Armour         | 4 5 6 7 8 9 10 11 12 13 14 15 16 17 | 17.2
Fighting       | 4 5 6 7 8 9 11 12 13 15 16 17 18 19 20 22 24 | 24.0
Axes           | 3 4 5 8 9 11 12 14 15 16 17 | 17.8
Shields        | 4 5 6 7 9 10 11 13 15 17 18 20 21 22 23 24 25 | 25.0
Dodging        | 1 2 3 4 5 6 7 8 9 |  9.7
Stealth        | 1 2 3 4 |  4.3
Invocations    | 1 2 3 4 6 8 |  8.7
Maces & Flails | 3 |  3.9
Evocations     | 2 3 4 |  4.2
Throwing       | 1 3 4 |  4.0
Spellcasting   | 1 3 5 6 7 8 9 |  9.5
Necromancy     | 3 5 6 |  6.6
Charms         | 3 4 5 |  5.0

Action                   |  1- 3 |  4- 6 |  7- 9 | 10-12 | 13-15 | 16-18 | 19-21 | 22-24 || total
-------------------------+-------+-------+-------+-------+-------+-------+-------+-------++-------
Melee: War axe           |    91 |    93 |   309 |   587 |   599 |       |       |       ||  1679
       Headbutt          |    13 |    14 |    88 |   159 |   159 |   421 |   392 |   319 ||  1565
       Hand axe          |       |     8 |    23 |   184 |       |       |       |       ||   215
       Flail             |       |       |       |    17 |       |       |       |       ||    17
       Demon whip        |       |       |       |       |    10 |    12 |       |       ||    22
       Broad axe         |       |       |       |       |       |  1600 |  1303 |  1009 ||  3912
Throw: Javelin           |       |       |       |       |       |    89 |       |       ||    89
       Tomahawk          |       |       |       |       |       |    15 |       |       ||    15
 Cast: Regeneration      |       |       |       |       |       |       |     3 |     2 ||     5
Invok: Heroism           |       |       |       |     7 |    20 |    29 |     9 |     4 ||    69
       Finesse           |       |       |       |       |     3 |     4 |     2 |     1 ||    10
 Abil: Evoke Flight      |       |       |       |       |    15 |    16 |       |       ||    31
Evoke: Wand              |       |       |       |       |    20 |       |       |       ||    20
  Use: Scroll            |       |     7 |     7 |    15 |    15 |    18 |    18 |     7 ||    87
       Potion            |       |     2 |       |     2 |    10 |     1 |       |       ||    15
 Stab: Sleeping          |       |       |       |     2 |       |       |       |       ||     2
       Confused          |       |       |       |       |     1 |       |       |       ||     1
       Petrified         |       |       |       |       |       |     6 |       |       ||     6
       Held in net/web   |       |       |       |       |       |     1 |       |       ||     1
       Distracted        |       |       |       |       |       |       |     1 |       ||     1
  Eat: Chunk             |       |     2 |    12 |    26 |     3 |    13 |    19 |     2 ||    77
       Ration            |       |     1 |       |     2 |     9 |     5 |     3 |     4 ||    24
Armor: Scale mail        |    42 |    40 |    96 |   101 |       |       |       |       ||   279
       Skin              |       |     2 |       |       |       |       |       |       ||     2
       Plate armour      |       |       |       |    57 |       |       |       |       ||    57
       Chain mail        |       |       |       |    63 |    99 |       |   216 |   211 ||   589
       Crystal plate arm |       |       |       |       |    79 |   670 |   127 |       ||   876
Dodge: Dodged            |    33 |    39 |    78 |   247 |   203 |   402 |   231 |   148 ||  1381
Block: Shield            |    42 |    71 |   146 |   415 |   309 |       |       |       ||   983
       Large shield      |       |       |       |       |   192 |  1826 |  1156 |  1007 ||  4181
